 Dungeon Crawl Stone Soup version 0.29-a0-270-g1586fc07ea (webtiles) character file.

Game seed: 16234049647594256498

2 Crownlay the Digger (level 1, -3/10 HPs)
             Began as a Gargoyle Earth Elementalist on Mar 7, 2022.
             Slain by a quokka (4 damage)
             ... on level 1 of the Dungeon.
             The game lasted 00:00:12 (27 turns).

Crownlay the Digger (Gargoyle Earth Elementalist)     Turns: 27, Time: 00:00:13

Health: -3/10      AC:  4    Str: 11    XL:     1   Next: 30%
Magic:  1/3        EV: 11    Int: 15    God:
Gold:   0          SH:  0    Dex: 10    Spells: 3/4 levels left

rFire   . . .      SeeInvis .   (no weapon)
rCold   . . .      Faith    .   (no shield)
rNeg    + . .      Spirit   .   b - +0 robe
rPois   ∞          Reflect  .   (no helmet)
rElec   +          Harm     .   (no cloak)
rCorr   .          Rampage  .   (no gloves)
Will    .....                   (no boots)
Stlth   ++........              (no amulet)
HPRegen 0.03/turn               (no ring)
MPRegen 0.08/turn               (no ring)

@: no status effects
A: sickness immunity, AC +2, negative energy resistance 1, electricity
resistance, torment resistance 1, petrification resistance
a: no special abilities


You were on level 1 of the Dungeon.
You visited 1 branch of the dungeon, and saw 1 of its levels.

Inventory:

Missiles
 a - 27 stones
Armour
 b - a +0 robe (worn)
Potions
 c - a potion of magic


   Skills:
 - Level 1.5 Dodging
 - Level 2.1 Stealth
 * Level 2.1 Spellcasting
 - Level 0.7 Transmutations
 + Level 3.7 Earth Magic


You had 3 spell levels left.
You knew the following spells:

 Your Spells              Type           Power      Damage    Failure   Level
a - Sandblast             Erth           24%        2d8       4%          1

Your spell library contained the following spells:

 Spells                   Type           Power      Damage    Failure   Level
 Passwall                 Tmut/Erth      6%         N/A       14%         2
 Stone Arrow              Conj/Erth      14%        3d7       30%         3
 Petrify                  Tmut/Erth      8%         N/A       65%         4


Dungeon Overview and Level Annotations

Branches:
Dungeon (1/15)

Altars:


Innate Abilities, Weirdness & Mutations

You are immune to sickness and miasma.
Your stone body is resilient. (AC +2)
You are immune to poison.
You resist negative energy. (rN+)
You are resistant to electric shocks. (rElec)
You are resistant to unholy torment.
You are immune to petrification.


Message History

Welcome, Crownlay the Gargoyle Earth Elementalist.
Will you be the one to retrieve the awesome Orb of Zot from the depths?
Press ? for a list of commands and other information.
Found a staircase leading out of the dungeon.
A goblin comes into view. It is wielding a +0 club.
The goblin shouts!
You hear an angry hiss.
A quokka comes into view.
You see here 2 gold pieces.
A ball python comes into view.
The ball python moves out of view.
The blast of sand hits the goblin.
You kill the goblin!
A goblin comes into view. It is wielding a +0 dagger.
The goblin shouts!
A rat comes into view.
The blast of sand hits the ball python!
You kill the ball python!
The blast of sand hits the quokka but does no damage.
A hobgoblin comes into view.
The quokka bites you. The quokka attacks as you move away!
The quokka barely misses you. The quokka attacks as you move away!
The quokka misses you. The quokka barely misses you.
A ball python comes into view.
The quokka attacks as you move away! The quokka barely misses you.
A kobold and 2 hobgoblins come into view.
Found 14 gold pieces.
The kobold shouts!
The hobgoblin shouts!
The quokka bites you.
The kobold throws a stone.
The stone closely misses you. The quokka bites you.
* * * LOW HITPOINT WARNING * * *
The kobold throws a stone.
The stone hits you.
* * * LOW HITPOINT WARNING * * *
The quokka bites you.
* * * LOW HITPOINT WARNING * * *
The quokka attacks as you move away! The quokka closely misses you.
The quokka attacks as you move away! The quokka bites you.
You die...

#.............# .......
#........♣♣..<# .......
#.$...^.......#
.......###.#♣#♣#♣#♣#♣###
.......#...#
.......#r### ......$#.#
.......#g#########
.....g.K.r@.......
.........#########
.......### .......
#######


You could see a quokka, a hobgoblin, a goblin and a kobold.

Vanquished Creatures
  A goblin (D:1)
  A ball python (D:1)
2 creatures vanquished.

Notes
Turn   | Place    | Note
-------+----------+-------------------------------------------
     0 | D:1      | Crownlay the Gargoyle Earth Elementalist began the quest
                  | for the Orb.
     0 | D:1      | Reached XP level 1. HP: 10/10 MP: 3/3
    27 | D:1      | Slain by a quokka

Illustrated notes

Levels and vault maps discovered:
D:1:      minmay_arrival_plants_in_alcoves, layout_basic,
          shapermc_ecumenical_altar_gd, minmay_crystal_water,
          minmay_misc_feat_diagonals

Action                   || total
-------------------------++-------
 Cast: Sandblast         ||     3
Dodge: Dodged            ||     6

Table legend: (Time is in decaauts)
 A = Elapsed time spent in this place.
 B = Non-inter-level travel time spent in this place.
 C = Inter-level travel time spent in this place.
 D = Time resting spent in this place.
 E = Time spent auto-exploring this place.
 F = Levels seen in this place.
 G = Mean time per level.
                   A        B        C        D        E       F      G
               +--------+--------+--------+--------+--------+-----+--------+
         Total |     27 |     27 |      0 |      0 |     10 |   1 |   27.0 |
       Dungeon |     27 |     27 |      0 |      0 |     10 |   1 |   27.0 |
               +--------+--------+--------+--------+--------+-----+--------+

Top non-repeatable levels by time:
     D:1: 27 daAuts
